 Dungeon Crawl Stone Soup version 0.31-a0-105-gc0b45f0da6 (webtiles) character file.

Game seed: 15307490821425138162

210 Colgate the Grave Robber (level 6, -13/52 HPs)
             Began as a Meteoran Necromancer on May 27, 2023.
             Was an Initiate of Gozag.
             Shot with an arrow by a centaur (15 damage)
             ... on level 7 of the Dungeon.
             The game lasted 00:11:47 (865 turns).

Colgate the Grave Robber (Meteoran Necromancer)      Turns: 865, Time: 00:11:48

Health: -13/52     AC:  3    Str:  9    XL:     6   Next: 35%
Magic:  13/13      EV: 13    Int: 20    God:    Gozag
Gold:   108        SH:  0    Dex: 20    Spells: 5/13 levels left

rFire   . . .        l - +0 sling (elec)
rCold   . . .        (no shield)
rNeg    . . .        a - +0 robe
rPois   .            h - +0 helmet
rElec   .            (no cloak)
rCorr   .            (no gloves)
SInv    .            (no boots)
Will    .....        (no amulet)
Stlth   +            f - +6 ring of dexterity
HPRegen 0.28/turn    (no ring)
MPRegen 0.13/turn

%: no passive effects
@: glowing
A: sense surroundings 1, otherworldly, glowing, explore regen
a: Renounce Religion, Potion Petition, Call Merchant, Bribe Branch


You were on level 7 of the Dungeon.
You worshipped Gozag.
Gozag was aware of your devotion.
You visited 1 branch of the dungeon, and saw 7 of its levels.

You collected 182 gold pieces.
You spent 44 gold pieces at shops.
You paid 30 gold pieces to Gozag.

Inventory:

Hand Weapons
 e - a +0 hand axe
 g - a +0 long sword
 l - a +0 sling of electrocution (weapon)
Missiles
 m - 2 throwing nets {!f}
Armour
 a - a +0 robe (worn)
 h - a +0 helmet (worn)
Jewellery
 f - a +6 ring of dexterity (left hand)
Scrolls
 b - a scroll of amnesia
 c - a scroll of identify {@r1}
 d - a scroll of vulnerability
 i - a scroll of noise
 n - a scroll of enchant armour
 p - a scroll of silence {unknown}
Potions
 j - a potion of heal wounds {@q2}
 k - a potion of magic
 o - a potion of degeneration {unknown}
 q - a potion of ambrosia {unknown}


   Skills:
 - Level 3.8 Fighting
 + Level 1.0 Ranged Weapons
 - Level 2.4 Dodging
 - Level 1.4 Stealth
 - Level 4.0 Spellcasting
 - Level 5.5 Necromancy


You had 5 spell levels left.
You knew the following spells:

 Your Spells              Type           Power      Damage    Failure   Level
a - Necrotise             Necr           100%       1d9       1%          1
b - Vampiric Draining     Necr           26%        2d7       4%          3
c - Animate Dead          Necr           26%        N/A       13%         4

Your spell library contained the following spells:

 Spells                   Type           Power      Damage    Failure   Level
 Agony                    Necr           26%        N/A       36%         5
 Storm Form               Tmut/Air       1%         N/A       100%        7
 Maxwell's Capacitive Co  Air            2%         ∞         100%        8


Dungeon Overview and Level Annotations

Branches:
Dungeon (7/15) Zot: 3295
 Temple: D:4-7

Altars:
Gozag

Shops:
D:3 ?


Innate Abilities, Weirdness & Mutations

You passively map a small area around you.
You are easily found by Zot.
You glow in the dark.
You regain HP and MP as you explore.


Message History

b - a scroll of amnesia
As you read the scroll of identify {@r1}, it crumbles to dust.
n - a scroll of enchant armour
Okay, then.
Found an escape hatch in the ceiling.
There is an escape hatch in the ceiling here.
Found a blue potion.
o - a blue potion
There is an escape hatch in the ceiling here.
Found a scroll labelled IPLACRA BOCAUV.
p - a scroll labelled IPLACRA BOCAUV
Found a stone staircase leading down.
There is a stone staircase leading down here.
You climb downwards.
Found a clear potion.
There is a stone staircase leading up here.
q - a clear potion
Found an escape hatch in the floor.
Found 6 gold pieces.
Found 22 gold pieces.
You now have enough gold to buy a scroll of enchant weapon on D:3, or buy a scroll of magic mapping on D:3.
You now have 86 gold pieces (gained 6).
You now have 108 gold pieces (gained 22).
A centaur comes into view.
The centaur wields a +0 orcbow.
The centaur shoots an arrow.
The arrow hits you!
The centaur shoots an arrow.
The arrow hits you!
Found a chain mail.
A shadow imp comes into view.
The centaur shoots an arrow.
The arrow hits you.
The centaur shoots an arrow.
The arrow hits you.
The centaur shoots an arrow.
The arrow barely misses you.
The centaur shoots an arrow.
The arrow hits you!
* * * LOW HITPOINT WARNING * * *
The centaur shoots an arrow.
The arrow hits you!
* * * LOW HITPOINT WARNING * * *
The sky beast flickers out of sight!
Deactivating autopickup; reactivate with Ctrl-A.
The centaur shoots an arrow.
The arrow hits you!
You die...
Your body crumbles into a pile of gold.

, #..... , .#...c{##
* ###.. ........###
#..... #.........###
...... #...........##
...... #.#......##..#
....## ..#......#...#
.....# ..........####
..[...
#..#.#.#@...#.###
......
..##.#..........#####
......, ,
#...^............##
{..... ,
#.##..............#
...... ,
#.##..............#
......
,,.................#
......
*#...............##
...##.
.........###....#
..## .........#
###..#


You could see a centaur.

Vanquished Creatures
  A scorpion (D:4)
  Natasha (D:2)
  Robin (D:2)
  4 gnolls (D:3)
  An adder (D:4)
  A worm (D:4)
  A dart slug (D:3)
  8 orcs
  An endoplasm (D:1)
  A giant cockroach (D:1)
  14 goblins
  2 hobgoblins (D:2)
  2 jackals (D:1)
  2 kobolds
  2 quokkas
  3 ball pythons
  4 bats
  2 frilled lizards
  3 rats
54 creatures vanquished.

Vanquished Creatures (collateral kills)
  An orc (D:3)
  A giant cockroach (D:1)
  A jackal (D:1)
  A rat (D:1)
4 creatures vanquished.

Grand Total: 58 creatures vanquished

Notes
Turn   | Place    | Note
-------+----------+-------------------------------------------
     0 | D:1      | Colgate the Meteoran Necromancer began the quest for the
                  | Orb.
     0 | D:1      | Reached XP level 1. HP: 14/14 MP: 5/5
    29 | D:1      | Reached XP level 2. HP: 20/20 MP: 4/7
    93 | D:2      | Reached XP level 3. HP: 26/26 MP: 6/9
    97 | D:2      | Learned a level 3 spell: Vampiric Draining
   109 | D:2      | Noticed Natasha
   112 | D:2      | Killed Natasha
   113 | D:2      | Reached XP level 4. HP: 23/36 MP: 11/11
   118 | D:2      | Learned a level 4 spell: Animate Dead
   131 | D:3      | Noticed Robin
   229 | D:2      | Killed Robin
   336 | D:3      | Reached XP level 5. HP: 43/45 MP: 9/12
   526 | D:4      | Found an opulent altar of Gozag.
   539 | D:4      | Became a worshipper of Gozag Ym Sagoz the Greedy
   576 | D:4      | Reached skill level 5 in Necromancy
   576 | D:4      | Reached XP level 6. HP: 38/52 MP: 6/13
   650 | D:3      | Found Relamuo's Magic Scroll Shoppe.
   653 | D:3      | Bought a scroll of identify for 22 gold pieces
   653 | D:3      | Bought a scroll of identify for 22 gold pieces
   710 | D:5      | Entered Level 5 of the Dungeon
   735 | D:6      | Reached skill level 1 in Ranged Weapons
   762 | D:7      | Noticed a sky beast
   857 | D:7      | Noticed a centaur
   865 | D:7      | HP: 2/52 [centaur/arrow (10)]
   865 | D:7      | Shot with an arrow by a centaur

Illustrated notes

Levels and vault maps discovered:
D:1:      scummos_arrival_simple_crosswalls, layout_loops_cross,
          ebering_ecumenical_altar_petrified
D:2:      layout_loops_ring, kennysheep_generic_room_15, uniq_natasha,
          uniq_terence
D:3:      layout_loops_ring, serial_shops, nicolae_shop_rolled_up,
          nicolae_concentric_dashed_squares_mild, uniq_robin
D:4:      layout_loops_ring, kennysheep_mini_moat, nicolae_gozag_seed_capital
D:5:      layout_cave_pools, minmay_temple_entry_stoned_glass
D:6:      layout_loops_cross, nicolae_wu_jian_wuxing_cycle, uniq_duvessa
D:7:      layout_cave_pools, gammafunk_temple_overflow_arena, xom_shifter_show,
          minmay_increasing_density

Skill      XL: |  1  2  3  4  5  6 |
---------------+-------------------+-----
Spellcasting   | 3 4 |  4.0
Fighting       | 2 3 |  3.8
Necromancy     | 5 |  5.5
Ranged Weapons | 1 |  1.0
Dodging        | |  2.4
Stealth        | |  1.4

Action                     |  1- 3 |  4- 6 || total
---------------------------+-------+-------++-------
  Melee: Unarmed           |     2 |       ||     2
         Hand axe          |     1 |       ||     1
         Long sword        |     3 |    53 ||    56
   Fire: Sling             |       |    33 ||    33
   Cast: Necrotise         |    19 |    11 ||    30
         Vampiric Draining |       |    17 ||    17
    Use: Scroll            |       |     5 ||     5
         Potion            |       |     1 ||     1
 Armour: Robe              |       |    28 ||    28
  Dodge: Dodged            |     3 |    86 ||    89

Table legend: (Time is in decaauts)
 A = Elapsed time spent in this place.
 B = Non-inter-level travel time spent in this place.
 C = Inter-level travel time spent in this place.
 D = Time resting spent in this place.
 E = Time spent auto-exploring this place.
 F = Levels seen in this place.
 G = Mean time per level.
                   A        B        C        D        E       F      G
               +--------+--------+--------+--------+--------+-----+--------+
         Total |    903 |    903 |      0 |      0 |      0 |   7 |  129.0 |
       Dungeon |    903 |    903 |      0 |      0 |      0 |   7 |  129.0 |
               +--------+--------+--------+--------+--------+-----+--------+

Top non-repeatable levels by time:
     D:3: 264 daAuts
     D:2: 244 daAuts
     D:4: 152 daAuts
     D:6: 101 daAuts
     D:1: 84 daAuts
     D:7: 50 daAuts
     D:5: 6 daAuts
